 Dungeon Crawl Stone Soup version 0.21-a0-352-g5b8f553 (webtiles) character file.

49 paralogiki the Chiller (level 3, -7/24 HPs)
             Began as a Barachi Ice Elementalist on Oct 10, 2017.
             Killed from afar by Sigmund (11 damage)
             ... with a puff of flame
             ... on level 2 of the Dungeon.
             The game lasted 00:03:10 (2302 turns).

paralogiki the Chiller (Barachi Ice Elementalist)   Turns: 2302, Time: 00:03:11

Health: -7/24      AC:  3    Str:  9    XL:     3   Next: 77%
Magic:  3/7        EV: 11    Int: 16    God:
Gold:   146        SH:  0    Dex: 12    Spells: 4/7 levels left

rFire    . . .     SeeInvis .   s - +0 whip
rCold    . . .     Gourm    .   (no shield)
rNeg     . . .     Faith    .   a - +0 robe
rPois    .         Spirit   .   g - +0 helmet
rElec    .         Reflect  .   (no cloak)
rCorr    .         Harm     .   (no gloves)
MR       .....                  (no boots)
Stlth    +.........             (no amulet)
HPRegen  0.08/turn              (no ring)
MPRegen  0.10/turn              (no ring)

@: heavily drained, slow
A: +LOS, swims, slowness 1, strong legs 1
a: Hop


You were on level 2 of the Dungeon.
You were not hungry.

You visited 1 branch of the dungeon, and saw 2 of its levels.

You collected 146 gold pieces.

Inventory:

Hand Weapons
 s - a +0 whip (weapon)
   (You took it off a kobold on level 2 of the Dungeon)
Armour
 a - a +0 robe (worn)
 g - a +0 helmet (worn)
   (You found it on level 1 of the Dungeon)
Scrolls
 d - a scroll of immolation {unknown}
 e - 3 scrolls of magic mapping {unknown}
 f - a scroll of recharging {unknown}
 h - a scroll of teleportation {unknown}
 i - 4 scrolls of identify {unknown}
 k - 3 scrolls of remove curse {unknown}
 p - a scroll of enchant weapon {unknown}
 r - a scroll of noise {unknown}
 u - a scroll of random uselessness {unknown}
Potions
 l - a potion of brilliance {unknown}
 q - a potion of might {unknown}
 t - a potion of heal wounds {unknown}
Books
 b - a book of Frost
Comestibles
 c - 2 bread rations {@e1}
 j - a meat ration {@e2}
 m - 3 chunks of flesh {@w0}
 o - a royal jelly


   Skills:
 - Level 2.1(0.8) Dodging
 - Level 1.7(0.4) Stealth
 + Level 2.9(1.6) Spellcasting
 * Level 1.2(0.0) Conjurations
 * Level 5.0(3.6) Ice Magic


You had 4 spell levels left.
You knew the following spells:

 Your Spells              Type           Power        Failure   Level  Hunger
a - Freeze                Ice            ##..         4%          1    ##.....
x - Throw Frost           Conj/Ice       #.....       16%         2    ###....


Dungeon Overview and Level Annotations

Branches:
Dungeon (2/15)

Altars:

Annotations:
D:2 Sigmund


Innate Abilities, Weirdness & Mutations

Shadows flee at your approach. (+LOS)
You can swim through water.
You cover ground slowly.
You can hop short distances.


Message History

All of the chunks of flesh in your inventory have rotted away.
i - 4 scrolls labeled LUISTR LANGA (gained 1)
You open the large door.
A giant cockroach comes into view.
A giant cockroach is nearby!
A giant cockroach is nearby!
A goblin comes into view. It is wielding a club.
The goblin shouts!
The giant cockroach bites you.
There is a large open door here.
You take 2 damage, and have 22/24 hp.
Aim: a giant cockroach You freeze the giant cockroach.
The giant cockroach bites you but does no damage.
You now have 6/7 mp.
Aim: a giant cockroach (moderately wounded)
You freeze the giant cockroach.
You kill the giant cockroach!
You now have 5/7 mp.
Aim: a goblin, wielding a club You freeze the goblin.
You kill the goblin!
You now have 4/7 mp.
No target in view!
No target in view!
Things that are here:
a club; a goblin corpse; a giant cockroach corpse You butcher the goblin corpse.
m - 2 chunks of flesh {@w0} You butcher the giant cockroach corpse.
m - 4 chunks of flesh {@w0} (gained 2)
You see here a club. x2
k - 3 scrolls labeled VEZXO IFFUBUE (gained 1)
You see here a robe.
You see here a club.
There is a large open door here.
There is a stone staircase leading down here.
An ooze comes into view.
The ooze quivers.
Health restored: 24; MP restored: 7 An ooze is nearby!
An ooze is nearby!
Aim: an ooze You freeze the ooze.
You are feeling hungry.
You now have 6/7 mp.
Aim: an ooze (moderately wounded)
You freeze the ooze. The ooze hits you.
You take 3 damage, and have 21/24 hp.
You now have 5/7 mp.
Aim: an ooze (heavily wounded)
You freeze the ooze. The ooze hits you.
You take 3 damage, and have 18/24 hp.
You now have 4/7 mp.
Aim: an ooze (severely wounded)
You freeze the ooze.
You kill the ooze!
Your base Ice Magic skill increases to level 5!
You now have 3/7 mp.
No target in view!
You start resting.
Eating one of 4 chunks of flesh {@w0}.
You eat one of the 4 chunks of flesh {@w0}.
Health restored: 24; MP restored: 7 Sigmund the Dreaded comes into view.
He is wielding a scythe.
Sigmund shouts!
Sigmund moves out of view.
A worm comes into view.
Sigmund points at you and mumbles some strange words.
The puff of flame hits you!
Found a stone staircase leading up.
You take 9 damage, and have 15/24 hp.
MASSIVE DAMAGE!!
The worm moves out of view.
Sigmund hits you from afar with a scythe!
* * * LOW HITPOINT WARNING * * *
You take 10 damage, and have 5/24 hp.
MASSIVE DAMAGE!!
It was a potion of curing.
You feel better.
You regained 10 hp, and now have 15/24 hp.
Sigmund closely misses you.
Aim: Sigmund, wielding a scythe and wearing a robe You freeze Sigmund.
Sigmund barely misses you.
You now have 6/7 mp.
Aim: Sigmund, wielding a scythe and wearing a robe (lightly wounded)
You freeze Sigmund.
You now have 5/7 mp.
Aim: Sigmund, wielding a scythe and wearing a robe (heavily wounded)
You freeze Sigmund. Sigmund hits you with a scythe!
* * * LOW HITPOINT WARNING * * *
You take 9 damage, and have 6/24 hp.
MASSIVE DAMAGE!!
You now have 4/7 mp.
You feel better.
Sigmund points at you and mumbles some strange words.
The puff of flame hits you!
* * * LOW HITPOINT WARNING * * *
You take 2 damage, and have 4/24 hp.
Aim: Sigmund, wielding a scythe and wearing a robe (heavily wounded)
You freeze Sigmund.
Sigmund screams, "Only death can liberate you!"
Sigmund gestures at you while chanting. The puff of flame hits you!
You die...

###..♣..♣..##......#
#.#
#........##......#
#.#
#........######.##
#.#
###############.#
#.# #....#># #.#
#########....#.#
####..
##.......#....#.#
#...##
.........#....#.###
######...##
.............@@.#..
..........#
.........#####..#.#
#########.#
...........<.#..#.#
#.#
..####.....#.#..#.#
#.# #....## #..#.#
#># #..@.# #..#.#
#.# #....# #...(#
#.# #....# #.######
#.# #....# #^.....#
#.#


You could see Sigmund.

Vanquished Creatures
  An adder (D:2)
  2 oozes (D:2)
  3 worms (D:2)
  A leopard gecko (D:2)
  A ball python (D:1)
  2 bats (D:1)
  2 giant cockroaches
  3 hobgoblins
  4 kobolds
  2 frilled lizards (D:2)
  A goblin (D:2)
  2 rats
24 creatures vanquished.

Notes
Turn   | Place    | Note
-------+----------+-------------------------------------------
     0 | D:1      | paralogiki the Barachi Ice Elementalist began the quest for the Orb.
     0 | D:1      | Reached XP level 1. HP: 13/13 MP: 3/3
   645 | D:1      | Reached skill level 4 in Ice Magic
   722 | D:1      | Reached XP level 2. HP: 19/19 MP: 1/5
   835 | D:1      | Learned a level 2 spell: Throw Frost
  1058 | D:2      | HP: 4/19 [worm (9)]
  1072 | D:2      | HP: 4/19 [ball python (1)]
  1570 | D:2      | Found a faded altar of an unknown god.
  1582 | D:2      | Reached XP level 3. HP: 24/24 MP: 0/7
  2221 | D:2      | Reached skill level 5 in Ice Magic
  2285 | D:2      | Noticed Sigmund
  2295 | D:2      | HP: 5/24 [Sigmund/scythe (11)]
  2300 | D:2      | HP: 6/24 [Sigmund/scythe (9)]
  2302 | D:2      | Killed from afar by Sigmund

Vault maps used:
D:1:      dpeg_arrival_line_fractal, patterned_corridor
D:2:      chequers_ecumenical_altar_island, kennysheep_generic_room_5,
          uniq_sigmund

Skill      XL: |  1  2  3 |
---------------+----------+-----
Ice Magic      | 4 5 |  5.0
Dodging        | |  2.1
Stealth        | |  1.7
Spellcasting   | |  2.9
Conjurations   | |  1.2

Action                   || total
-------------------------++-------
Melee: Unarmed           ||     1
       Club              ||     1
 Cast: Freeze            ||    55
 Abil: Hop               ||     1
  Use: Potion            ||     2
  Eat: Chunk             ||     6
Armor: Robe              ||     6
Dodge: Dodged            ||    24

Table legend:
 A = Spawn XP
 B = Non-spawn XP
 C = Spawn XP percentage of total XP
 D = Spawn monster count
 E = Non-spawn monster count
 F = Spawn count percentage of total count
 G = Total turns spent on level
                    A         B        C        D         E        F      G
               +---------+---------+-------+---------+---------+-------+---------
         Total |       0 |      71 |   0.0 |       0 |      24 |   0.0 |  2302
               +---------+---------+-------+---------+---------+-------+---------
           D:1 |       0 |      12 |   0.0 |       0 |       7 |   0.0 |  1153
           D:2 |       0 |      59 |   0.0 |       0 |      17 |   0.0 |  1149
               +---------+---------+-------+---------+---------+-------+---------

Vault maps used:
D:1:      dpeg_arrival_line_fractal, patterned_corridor
D:2:      chequers_ecumenical_altar_island, kennysheep_generic_room_5,
          uniq_sigmund

Table legend:
 A = Turns spent in this place as a percentage of turns spent in the entire game.
 B = Non-inter-level travel turns spent in this place as a percentage of non-inter-level travel turns spent in the entire game.
 C = Inter-level travel turns spent in this place as a percentage of turns spent in this place.
 D = Turns resting spent in this place as a percentage of non-inter-level travel turns spent in this place.
 E = Turns spent auto-exploring this place as a percentage of non-inter-level travel turns spent in this place.
 F = Non-inter-level travel turns spent in this place divided by the number of levels of this place that you've seen.
                   A       B       C       D       E      F
               +-------+-------+-------+-------+-------+----------------------
         Total | 100.0 | 100.0 |   3.3 |  43.8 |  46.6 | 1113.0
       Dungeon | 100.0 | 100.0 |   3.3 |  43.8 |  46.6 | 1113.0
               +-------+-------+-------+-------+-------+----------------------

Table legend:
 A = Kills in this place as a percentage of kills in entire the game.
 B = Kills by you in this place as a percentage of kills by you in the entire game.
 C = Kills by friends in this place as a percentage of kills by friends in the entire game.
 D = Other kills in this place as a percentage of other kills in the entire game.
 E = Experience gained in this place as a percentage of experience gained in the entire game.
 F = Experience gained in this place divided by the number of levels of this place that you have seen.
                   A       B       C       D       E      F
               +-------+-------+-------+-------+-------+----------------------
         Total | 100.0 | 100.0 |   N/A |   N/A | 100.0 |  35.5
       Dungeon | 100.0 | 100.0 |   N/A |   N/A | 100.0 |  35.5
               +-------+-------+-------+-------+-------+----------------------
